 Dungeon Crawl Stone Soup version 0.28.0-45-g0d030f2227 (webtiles) character file.

Game seed: 5466816717357582899

9 Kangaroobicon the Skirmisher (level 2, -3/25 HPs)
             Began as a Palentonga Fighter on Apr 24, 2022.
             Slain by a goblin
             ... wielding a +0 club
              (4 damage)
             ... on level 1 of the Dungeon.
             The game lasted 00:01:22 (87 turns).

Kangaroobicon the Skirmisher (Palentonga Fighter)     Turns: 87, Time: 00:01:23

Health: -3/25      AC:  6    Str: 19    XL:     2   Next: 6%
Magic:  2/2        EV:  7    Int:  8    God:
Gold:   10         SH:  4    Dex:  9    Spells: 1/1 levels left

rFire   . . .      SeeInvis +   a - +0 war axe
rCold   . . .      Faith    .   c - +0 buckler
rNeg    . . .      Spirit   .   b - +0 scale mail
rPois   +          Reflect  .   (no helmet)
rElec   .          Harm     .   (no cloak)
rCorr   .          Rampage  .   (no gloves)
Will    .....                   (no barding)
Stlth   ..........              (no amulet)
HPRegen 0.08/turn               g - ring of poison resistance
MPRegen 0.08/turn               (no ring)

@: mighty
A: large, rugged brown scales 3, see invisible, deformed body, roll 1, armoured
tail
a: Rolling Charge


You were on level 1 of the Dungeon.
You visited 1 branch of the dungeon, and saw 1 of its levels.

You collected 10 gold pieces.

Inventory:

Hand Weapons
 a - a +0 war axe (weapon)
Armour
 b - a +0 scale mail (worn)
 c - a +0 buckler (worn)
Jewellery
 g - a ring of poison resistance (left hand)
Scrolls
 e - a scroll of torment {unknown}
 f - a scroll of immolation {unknown}
 h - a scroll of teleportation {unknown}


   Skills:
 + Level 3.3 Fighting
 + Level 2.2 Axes
 + Level 2.4 Armour
 + Level 2.4 Shields


You had one spell level left.
You didn't know any spells.
Your spell library was empty.

Dungeon Overview and Level Annotations

Branches:
Dungeon (1/15)

Altars:


Innate Abilities, Weirdness & Mutations

You are completely covered in rugged brown scales. (AC +3, +7% HP)
You have supernaturally acute eyesight. (SInv)
Armour fits poorly on your strangely shaped body.
You can roll at nearby foes to attack.
You have a long armoured tail.


Message History

The dart slug launches a dart at you.
The slug dart hits you but does no damage.
A kobold comes into view. It is wielding a +1 whip of draining.
The kobold shouts!
A kobold comes into view. It is wielding a +0 short sword.
The kobold shouts!
The dart slug launches a dart at you. The slug dart misses you.
You slash the dart slug!
The dart slug is severely wounded.
You closely miss the kobold. The dart slug launches a dart at you.
The slug dart hits you but does no damage.
You slash the dart slug!
You kill the dart slug!
You closely miss the goblin. You barely miss the kobold.
The goblin hits you with a +0 club.
The kobold hits you with a +1 whip of draining.
You feel drained. You block the kobold's attack.
The goblin hits you with a +0 club.
The kobold hits you with a +1 whip of draining.
* * * LOW HITPOINT WARNING * * *
You feel drained.
* * * LOW HITPOINT WARNING * * *
You slash the goblin!
You kill the goblin!
You hit the kobold.
You kill the kobold!
You miss the goblin. You slash the kobold!
You kill the kobold!
You closely miss the kobold. You block the goblin's attack.
The kobold hits you with a +0 dagger.
* * * LOW HITPOINT WARNING * * *
Your life force feels restored.
You have reached level 2!
You feel very mighty all of a sudden. The kobold hits you with a +0 dagger.
* * * LOW HITPOINT WARNING * * *
The goblin hits you with a +0 club.
You die...

# #.##### #
#.....#### #
#........### #
#..........####
#♣
#.#####..#....#
#### #.#
###....#.####
...# #.#
#............
.<.# #.#
#...♣K)..###
...# ..
#..♣.♣@g## ####
..K♣._)♣)......
#♣ ###..♣.♣
.##.### #
#...♣. .# # #
..... . .. #
.####. ## # ##


You could see a goblin and a kobold.

Vanquished Creatures
  A dart slug (D:1)
  A bat (D:1)
  A goblin (D:1)
  4 kobolds (D:1)
7 creatures vanquished.

Notes
Turn   | Place    | Note
-------+----------+-------------------------------------------
     0 | D:1      | Kangaroobicon the Palentonga Fighter began the quest for
                  | the Orb.
     0 | D:1      | Reached XP level 1. HP: 19/19 MP: 1/1
    79 | D:1      | Found a faded altar of an unknown god.
    87 | D:1      | Reached XP level 2. HP: 1/25 MP: 2/2
    87 | D:1      | HP: 1/25 [kobold/+0 dagger (1)]
    87 | D:1      | Slain by a goblin

Illustrated notes

Levels and vault maps discovered:
D:1:      sevenhm_arrival_forest_fort_small_1, layout_rooms,
          chequers_ecumenical_altar_simple_redux

Action                   || total
-------------------------++-------
Melee: War axe           ||     9
  Use: Potion            ||     1
Armor: Scale mail        ||     5
Dodge: Dodged            ||     5
Block: Buckler           ||     3
